 Dungeon Crawl Stone Soup version 0.30-b1-2-g02819fbbbe (webtiles) character file.

Game seed: 2119675759609381992

430 Mesmaeker13 the Trooper (level 6, 0/52 (63) HPs)
             Began as an Ogre Reaver on July 16, 2023.
             Slain by Grinder (3 damage)
             ... on level 3 of the Dungeon.
             The game lasted 00:11:16 (4010 turns).

Mesmaeker13 the Trooper (Ogre Reaver)               Turns: 4010, Time: 00:11:17

HP:   0/52 (63)     AC:  3    Str: 19    XL:     6   Next: 99%
MP:   10/11         EV:  9    Int: 14    God:
Gold: 146           SH:  0    Dex:  7    Spells: 9/12 levels left

rFire   . . .        i - +1 whip (vamp)
rCold   . . .        (no shield)
rNeg    + . .        b - +0 robe
rPois   .            (helmet restricted)
rElec   .            (no cloak)
rCorr   .            (gloves unavailable)
SInv    .            (boots unavailable)
Will    .....        (no amulet)
Stlth   +            h - ring of positive energy
HPRegen 0.28/turn    (no ring)
MPRegen 0.12/turn

%: no passive effects
@: heavily drained
A: large, unfitting armour, tough skin 1
a: no special abilities


You were on level 3 of the Dungeon.
You visited 1 branch of the dungeon, and saw 3 of its levels.
You also visited: Sewer.

You collected 146 gold pieces.

Inventory:

Hand Weapons
 i - a +1 vampiric whip (weapon)
Missiles
 a - 6 poisoned darts
Armour
 b - a +0 robe (worn)
Jewellery
 h - a ring of positive energy (left hand)
 m - an amulet of faith
Scrolls
 d - 2 scrolls of enchant weapon
 e - a scroll of blinking {unknown}
 f - 3 scrolls of fog
 j - a scroll of teleportation {unknown}
 l - a scroll of poison
Potions
 c - 2 potions of mutation
 g - a potion of brilliance
 k - a potion of curing
 n - a potion of attraction
 o - 2 potions of resistance {unknown}
 q - a potion of might {unknown}


   Skills:
 + Level 4.4 Fighting
 + Level 3.6 Maces & Flails
 * Level 3.8 Throwing
 - Level 1.8 Dodging
 - Level 3.6 Spellcasting
 + Level 3.8 Conjurations
 + Level 0.5 Translocations


You had 9 spell levels left.
You knew the following spells:

 Your Spells              Type           Power      Damage    Failure   Level
a - Kiss of Death         Conj/Necr      28%        2d7       10%         1
b - Momentum Strike       Conj/Tloc      16%        3d8       13%         2

Your spell library contained the following spells:

 Spells                   Type           Power      Damage    Failure   Level
 Magic Dart               Conj           52%        1d5       4%          1
 Hailstorm                Conj/Ice       7%         3d4       28%         3


Dungeon Overview and Level Annotations

Branches:
Dungeon (3/15)              Sewer (visited)

Altars:
Makhleb
Wu Jian

Annotations:
D:3 1 exclusion, Grinder


Innate Abilities, Weirdness & Mutations

You are too large for most types of armour.
You have tough skin. (AC +1)


Message History

You barely miss Grinder.
Grinder is moderately wounded.
Grinder hits you.
* * * LOW HITPOINT WARNING * * *
Unknown command.
You feel better. Grinder hits you.
* * * LOW HITPOINT WARNING * * *
You writhe in agony.
* * * LOW HITPOINT WARNING * * *
You feel much better. Grinder hits you.
You writhe in agony.
You cannot move.
You whack Grinder!
Grinder is heavily wounded.
Grinder gestures at you.
You struggle to resist.
You hit Grinder.
Grinder is severely wounded.
Grinder hits you.
You writhe in agony.
You barely miss Grinder.
Grinder is severely wounded.
You are no longer robbed of momentum.
Grinder hits you.
* * * LOW HITPOINT WARNING * * *
You writhe in agony.
* * * LOW HITPOINT WARNING * * *
You hit Grinder.
Grinder is severely wounded.
Grinder hits you.
* * * LOW HITPOINT WARNING * * *
You writhe in agony.
* * * LOW HITPOINT WARNING * * *
Okay, then.
Unknown command.
You hit Grinder.
Grinder is almost dead.
Grinder says, "Wait up."
Grinder hits you.
* * * LOW HITPOINT WARNING * * *
You writhe in agony.
You die...

.[......≈≈≈§.#
.........≈≈§.#
............)# .
############## ..
#.....+.....# ...#
......#.....# ....
.........#########
#.. ....
##...............#
#.# +##.
......#...######@#
#.# #. ....#.#...#
#5# #.# #.
##..###...# ... #.#
... ..........##
....# #.# ####
##..##.....# #....#
#.# # #..##.#...#
#....#######.#######
#.....#...#
#....#..............
##.#####...#
#..(.#.#####.######.
...........###....#.#
#.#### #"


You could see Grinder.

Vanquished Creatures
  2 kobold brigands (Sewer)
  An orc priest (D:3)
  An iron imp (D:3)
  Ijyb (D:3)
  An orc wizard (D:3)
  3 gnolls
  2 adders (D:2)
  3 river rats
  An ufetubus (D:3)
  4 worms
  5 dart slugs
  3 orcs (D:3)
  10 ball pythons
  9 endoplasms
  4 giant cockroaches
  7 hobgoblins
  8 bats
  5 frilled lizards
  7 goblins
  5 kobolds
  10 rats
92 creatures vanquished.

Vanquished Creatures (others)
  A plant (D:1)
1 creature vanquished.

Grand Total: 93 creatures vanquished

Notes
Turn   | Place    | Note
-------+----------+-------------------------------------------
     0 | D:1      | Mesmaeker13 the Ogre Reaver began the quest for the Orb.
     0 | D:1      | Reached XP level 1. HP: 22/22 MP: 3/3
   162 | D:1      | Found a faded altar of an unknown god.
   176 | D:1      | Reached XP level 2. HP: 15/29 MP: 5/5
   186 | D:1      | Got Plato's Papyrus of Forces
   264 | D:1      | Reached skill level 3 in Fighting
   503 | D:1      | Reached XP level 3. HP: 36/37 MP: 7/7
   521 | D:1      | Reached skill level 1 in Throwing
  1023 | D:2      | Reached XP level 4. HP: 33/45 MP: 8/8
  1979 | D:3      | Found a burning altar of Makhleb.
  2041 | D:3      | Reached XP level 5. HP: 27/53 MP: 9/9
  2358 | D:3      | Found a glowing drain.
  2408 | Sewer    | Entered a sewer
  2678 | Sewer    | Noticed a kobold brigand
  2723 | Sewer    | Killed a kobold brigand
  2724 | Sewer    | Reached XP level 6. HP: 51/62 MP: 9/11
  2801 | Sewer    | Reached skill level 4 in Fighting
  3410 | D:3      | Learned a level 2 spell: Momentum Strike
  3438 | D:3      | Found an ornate altar of the Wu Jian Council.
  3987 | D:3      | Noticed Ijyb
  3989 | D:3      | Noticed Grinder
  3993 | D:3      | Killed Ijyb
  4003 | D:3      | HP: 2/52 [Grinder (6)]
  4010 | D:3      | Slain by Grinder

Illustrated notes

Levels and vault maps discovered:
D:1:      onia_arrival_pentagram, layout_rooms,
          shapermc_ecumenical_altar_rom_forum
D:2:      layout_loops_corners, hex_medium
D:3:      layout_basic, demons_altar, nicolae_wu_jian_wuxing_cycle,
          portal_sewer_entry_a, uniq_ijyb, uniq_grinder

Skill      XL: |  1  2  3  4  5  6 |
---------------+-------------------+-----
Fighting       | 3 4 |  4.4
Throwing       | 1 2 3 |  3.8
Conjurations   | 3 |  3.8
Maces & Flails | 3 |  3.6
Spellcasting   | 3 |  3.6
Dodging        | |  1.8
Translocations | |  0.5

Action                     |  1- 3 |  4- 6 || total
---------------------------+-------+-------++-------
  Melee: Mace              |    62 |       ||    62
         Punch             |     2 |     2 ||     4
         Whip              |    49 |   333 ||   382
  Throw: Large rock        |     1 |    11 ||    12
         Dart              |       |     7 ||     7
   Cast: Kiss of Death     |       |     2 ||     2
         Momentum Strike   |       |     1 ||     1
    Use: Scroll            |       |     8 ||     8
         Potion            |       |     5 ||     5
 Armour: Robe              |    26 |    83 ||   109
  Dodge: Dodged            |    51 |   151 ||   202
